 Dungeon Crawl Stone Soup version 0.30-a0-719-gcc4359ea44 (webtiles) character file.

Game seed: 147283031273215446

171 Mitcholas the Shooter (level 5, 0/41 HPs)
             Began as a Draconian Hunter on Jan 26, 2023.
             Slain by an iguana (11 damage)
             ... on level 4 of the Dungeon.
             The game lasted 00:03:17 (2186 turns).

Mitcholas the Shooter (Draconian Hunter)            Turns: 2186, Time: 00:03:17

Health: 0/41       AC:  6    Str: 13    XL:     5   Next: 26%
Magic:  5/5        EV: 12    Int:  9    God:
Gold:   111        SH:  0    Dex: 17    Spells: 4/4 levels left

rFire   . . .      SeeInvis .    a - +0 shortbow
rCold   . . .      Faith    .    (shield currently unavailable)
rNeg    . . .      Spirit   .    (body armour unavailable)
rPois   .          Reflect  .    (helmet restricted)
rElec   .          Harm     .    (no cloak)
rCorr   .          Rampage  .    q - +0 pair of gloves
Will    .....                    (no boots)
Stlth   ++                       (no amulet)
HPRegen 0.26/turn                (no ring)
MPRegen 0.09/turn                (no ring)

@: no status effects
A: AC +5, unfitting armour, cold-blooded
a: no special abilities


You were on level 4 of the Dungeon.
You visited 1 branch of the dungeon, and saw 4 of its levels.

You collected 111 gold pieces.

Inventory:

Hand Weapons
 a - a +0 shortbow (weapon)
Armour
 q - a +0 pair of gloves (worn)
Jewellery
 t - a +6 ring of dexterity
Wands
 s - a wand of flame (29)
Scrolls
 b - 2 scrolls of immolation
 c - 2 scrolls of teleportation {unknown}
 e - a scroll of enchant weapon {unknown}
 g - 3 scrolls of identify {unknown}
 j - 2 scrolls of butterflies {unknown}
 l - a scroll of magic mapping {unknown}
 o - a scroll of poison {unknown}
 p - 2 scrolls of noise {unknown}
 r - a scroll of vulnerability {unknown}
Potions
 d - 3 potions of curing {unknown}
 f - a potion of haste {unknown}
 h - a potion of magic {unknown}
 i - 2 potions of lignification {unknown}
 k - a potion of heal wounds {unknown}
 m - a potion of attraction {unknown}
 n - a potion of resistance {unknown}


   Skills:
 - Level 2.1 Fighting
 * Level 6.0 Ranged Weapons
 - Level 1.7 Dodging
 - Level 0.8 Stealth


You had 4 spell levels left.
You didn't know any spells.
Your spell library contained the following spells:

 Spells                   Type           Power      Damage    Failure   Level
 Kiss of Death            Conj/Necr      0%         2d5       38%         1
 Sandblast                Erth           0%         2d4       38%         1
 Summon Small Mammal      Summ           0%         N/A       38%         1
 Ignite Poison            Fire/Tmut/Pois 0%         N/A       77%         3
 Kindle Blastsparks       Fire/Tloc/Air  0%         2d10      77%         3
 Freezing Cloud           Conj/Ice/Air   0%         6-21      100%        5


Dungeon Overview and Level Annotations

Branches:
Dungeon (4/15)
 Temple: D:4-7

Altars:
Fedhas
Kikubaaqudgha
Nemelex Xobeh
The Shining One


Innate Abilities, Weirdness & Mutations

Your plain brown scales are hard. (AC +5)
You cannot fit into any form of body armour.
You are cold-blooded and may be slowed by cold attacks.


Message History

The iguana is severely wounded.
The iguana barely misses you.
You shoot an arrow.
The arrow hits the iguana but does no damage.
The iguana is severely wounded.
The iguana bites you!
You shoot an arrow. The arrow hits the iguana.
The iguana is almost dead.
The iguana misses you.
You shoot an arrow.
The arrow hits the iguana but does no damage.
The iguana is almost dead.
The iguana bites you! The iguana barely misses you.
You are too injured to fight recklessly!
You are too injured to fight recklessly!
You are too injured to fight recklessly!
You are too injured to fight recklessly!
You are too injured to fight recklessly!
You are too injured to fight recklessly!
Fire: a) +0 shortbow
Press: ? - help, Q - select action, (/) - cycle Shift-Dir - straight line, f/p - iguana
Aim: an iguana (almost dead, 68% to hit)
You shoot an arrow.
The arrow hits the iguana but does no damage.
The iguana is almost dead.
The iguana bites you.
* * * LOW HITPOINT WARNING * * *
Fire: a) +0 shortbow
Press: ? - help, Q - select action, (/) - cycle Shift-Dir - straight line, f/p - iguana
Aim: an iguana (almost dead, 68% to hit)
You shoot an arrow. The arrow closely misses the iguana.
The iguana misses you.
Fire: a) +0 shortbow
Press: ? - help, Q - select action, (/) - cycle Shift-Dir - straight line, f/p - iguana
Aim: an iguana (almost dead, 68% to hit)
You shoot an arrow.
The arrow hits the iguana but does no damage.
The iguana is almost dead.
The iguana bites you!
You die...

#+## #...## #.####
#.....# #.##.##
##.......
###.#...####........
#........>.'@l......
#.#.#...####........
#.#.#..## ##.......
#.#.#.## #.....#
#.....# #...##
###<### #+## #.# #.#
#.#


You could see an iguana.

Vanquished Creatures
  A hound (D:3)
  Jessica (D:2)
  Robin (D:2)
  An adder (D:2)
  2 worms (D:3)
  6 dart slugs
  3 orcs (D:3)
  10 ball pythons
  5 endoplasms
  A giant cockroach (D:2)
  12 goblins
  9 hobgoblins
  3 kobolds
  3 quokkas
  7 bats
  A frilled lizard (D:3)
  5 rats
71 creatures vanquished.

Notes
Turn   | Place    | Note
-------+----------+-------------------------------------------
     0 | D:1      | Mitcholas the Draconian Hunter began the quest for the Orb.
     0 | D:1      | Reached XP level 1. HP: 17/17 MP: 1/1
     2 | D:1      | Got First Steps in Witchcraft
   149 | D:1      | Reached skill level 4 in Ranged Weapons
   174 | D:1      | Reached XP level 2. HP: 24/24 MP: 2/2
   684 | D:2      | Reached XP level 3. HP: 29/29 MP: 3/3
   685 | D:2      | Noticed Jessica
   688 | D:2      | Killed Jessica
   689 | D:2      | Reached skill level 5 in Ranged Weapons
   758 | D:2      | Reached XP level 4. HP: 36/36 MP: 4/4
   793 | D:2      | Noticed Robin
   957 | D:2      | Killed Robin
  1432 | D:3      | Found a glowing golden altar of the Shining One.
  1551 | D:3      | Reached XP level 5. HP: 41/41 MP: 5/5
  1647 | D:3      | Reached skill level 6 in Ranged Weapons
  1876 | D:3      | Found a blossoming altar of Fedhas.
  1877 | D:3      | Found an ancient bone altar of Kikubaaqudgha.
  2083 | D:3      | Found a sparkling altar of Nemelex Xobeh.
  2186 | D:4      | Slain by an iguana

Illustrated notes

Levels and vault maps discovered:
D:1:      saegor_arrival_simple_a, layout_loops_ring
D:2:      layout_rooms, serial_glass, glass_columns_b, glass_columns_a,
          st_stairs_7, uniq_robin, uniq_jessica
D:3:      layout_loops_ring, grunt_temple_overflow_growth_and_decay,
          nemelex_dance_club_becter, tso_metal_star, minmay_puff
D:4:      layout_loops_corners, minmay_temple_entry_grid, serial_shops,
          nicolae_square_shop

Skill      XL: |  1  2  3  4  5 |
---------------+----------------+-----
Ranged Weapons | 4 5 6 |  6.0
Fighting       | |  2.1
Dodging        | |  1.7
Stealth        | |  0.8

Action                     |  1- 3 |  4- 6 || total
---------------------------+-------+-------++-------
   Fire: Shortbow          |    57 |   132 ||   189
 Armour: Skin              |     2 |    32 ||    34
  Dodge: Dodged            |    14 |    77 ||    91

Table legend: (Time is in decaauts)
 A = Elapsed time spent in this place.
 B = Non-inter-level travel time spent in this place.
 C = Inter-level travel time spent in this place.
 D = Time resting spent in this place.
 E = Time spent auto-exploring this place.
 F = Levels seen in this place.
 G = Mean time per level.
                   A        B        C        D        E       F      G
               +--------+--------+--------+--------+--------+-----+--------+
         Total |   2232 |   2104 |    128 |     61 |   1634 |   4 |  558.0 |
       Dungeon |   2232 |   2104 |    128 |     61 |   1634 |   4 |  558.0 |
               +--------+--------+--------+--------+--------+-----+--------+

Top non-repeatable levels by time:
     D:3: 1026 daAuts
     D:1: 796 daAuts
     D:2: 370 daAuts
     D:4: 40 daAuts
